[Event "Titled Tuesday Blitz August 02 Early 2022"]
[White "Bryakin, Mikhail"]
[Black "Navarrete Mendez, Gonzalo Alberto"]
[WhiteFideId "4165314"]
[BlackFideId "5106850"]
[WhiteElo "2422"]
[BlackElo "2261"]
[Result "1/2-1/2"]
[Round "11"]
[TimeControl "180+1"]
[Date "2022.08.02"]
[WhiteClock "0:00:39"]
[BlackClock "0:00:11"]

1. e4 e5 2. Nf3 Nc6 3. Bb5 a6 4. Bxc6 dxc6 5. O-O Bg4 6. h3 h5 7. d3 Qf6 8. Be3 Bxf3 9. Qxf3 Qxf3 10. gxf3 f5 11. exf5 Ne7 12. f4 exf4 13. Bxf4 O-O-O 14. Bg5 Rd5 15. Nc3 Rxf5 16. h4 Ng6 17. Rae1 Bd6 18. Re6 Nf4 19. Bxf4 Rxf4 20. Ne4 Kd7 21. Rg6 Rg4+ 22. Rxg4 hxg4 23. f4 Rxh4 24. Kg2 Ke6 25. Kg3 Rh3+ 26. Kxg4 Rh2 27. Rf2 Rh1 28. Re2 Rg1+ 29. Ng3+ Kf6 30. Kf3 Ra1 31. a3 Rb1 32. c4 Rd1 33. Ne4+ Kf5 34. Ng3+ Kf6 35. Ke3 Bc5+ 36. Ke4 Bd6 37. Nf5 g6 38. Ne3 Rb1 39. d4 c5 40. Nd5+ Kf7 41. dxc5 Bxc5 42. Nxc7 Rc1 43. b4 Bd6 44. Na8 Rxc4+ 45. Kd5 Rc6 46. Re6 Bxf4 47. Rxc6 bxc6+ 48. Kxc6 g5 49. Nb6 g4 50. Nd5 Bc1 51. a4 g3 52. Nc3 g2 53. Ne2 Be3 54. Kb7 Bd2 55. b5 axb5 56. axb5 Be3 57. Kc6 g1=Q 58. Nxg1 Bxg1 59. b6 Bxb6 1/2-1/2


[Site "https://www.chess.com"]

[Event "Titled Tuesday Blitz August 02 Early 2022"]
[White "Chen, Justin"]
[Black "Shkapenko, Pavel"]
[WhiteFideId "2098199"]
[BlackFideId "4151933"]
[WhiteElo "2289"]
[BlackElo "2386"]
[Result "0-1"]
[Round "11"]
[TimeControl "180+1"]
[Date "2022.08.02"]
[WhiteClock "0:00:01"]
[BlackClock "0:01:06"]

1. e4 e5 2. Nf3 Nc6 3. Bc4 d6 4. d4 Nf6 5. dxe5 dxe5 6. Qxd8+ Nxd8 7. Nxe5 Nxe4 8. O-O Nd6 9. Bb3 Be6 10. Nc3 f6 11. Nd3 Bxb3 12. axb3 Ne6 13. Re1 Kd7 14. Nd5 Ne8 15. Be3 a6 16. c4 Rd8 17. Rad1 Kc8 18. h4 c6 19. Bb6 N6c7 20. Nxc7 Nxc7 21. Nf4 Bb4 22. Rxd8+ Rxd8 23. Rf1 Rd2 0-1


[Site "https://www.chess.com"]

[Event "Titled Tuesday Blitz August 02 Early 2022"]
[White "Costachi, Mihnea"]
[Black "Lobanov, Sergei"]
[WhiteFideId "1217518"]
[BlackFideId "24183750"]
[WhiteElo "2477"]
[BlackElo "2524"]
[Result "1-0"]
[Round "11"]
[TimeControl "180+1"]
[Date "2022.08.02"]
[WhiteClock "0:00:09"]
[BlackClock "0:00:02"]

1. d4 d5 2. c4 dxc4 3. Nf3 a6 4. a4 Nf6 5. e3 e6 6. Bxc4 Nbd7 7. O-O c5 8. Nc3 cxd4 9. Nxd4 Qc7 10. Be2 Be7 11. Bd2 O-O 12. Rc1 Qb6 13. Qc2 Ne5 14. Ne4 Bd7 15. a5 Qa7 16. Nxf6+ Bxf6 17. Bb4 Rfc8 18. Bc5 Qb8 19. Qb3 Nc6 20. Nxc6 Bxc6 21. Rfd1 Qe5 22. Bd4 Qxa5 23. Bxf6 gxf6 24. Rc4 Rd8 25. Rdc1 f5 26. Bf3 Bxf3 27. gxf3 Rd7 28. Qc2 Rad8 29. Rc8 Qe5 30. Rxd8+ Rxd8 31. f4 Qd5 32. Qc3 Qf3 33. Qc7 Rd1+ 34. Rxd1 Qxd1+ 35. Kg2 Qg4+ 36. Kf1 Qd1+ 37. Kg2 Qd5+ 38. Kg3 h6 39. Qc8+ Kg7 40. Qc3+ Kg6 41. Qh8 Qd1 42. Qg8+ Kf6 43. Qh8+ Ke7 44. h3 Qg1+ 45. Kf3 Qh1+ 46. Kg3 Qg1+ 47. Kf3 Qd1+ 48. Kg2 Qh5 49. Qb8 Qg6+ 50. Kh2 Qf6 51. Qxb7+ Kf8 52. Qb8+ Kg7 53. Qb3 a5 54. Qb5 h5 55. Kg3 h4+ 56. Kh2 Qd8 57. Qe5+ Kg6 58. Qc3 Qd5 59. Qh8 Qd2 60. Qxh4 Qxb2 61. Qg5+ Kh7 62. Qh5+ Kg8 63. Qg5+ Kf8 64. Qd8+ Kg7 65. Kg3 Kh7 66. Qxa5 Qg7+ 67. Kf3 Qh6 68. Kg2 Qg6+ 69. Kh2 Qh5 70. Qa8 Qe2 71. Qg2 Kh6 72. Qg5+ Kh7 73. Qh4+ Kg7 74. Qg3+ Kf8 75. Kg2 Qd3 76. Qh4 Qd5+ 77. Kh2 Qd1 78. Qh8+ Ke7 79. Qh4+ Ke8 80. Qg3 Kf8 81. h4 Qh5 82. Qg5 Qf3 83. Qg3 Qh5 84. Kg2 Qd1 85. Qg5 Qa1 86. Qh6+ Qg7+ 87. Qg5 f6 88. Qg3 Kf7 89. Kh3 1-0


[Site "https://www.chess.com"]

[Event "Titled Tuesday Blitz August 02 Early 2022"]
[White "Fedoseev, Vladimir"]
[Black "Sarana, Alexey"]
[WhiteFideId "24130737"]
[BlackFideId "24133795"]
[WhiteElo "2726"]
[BlackElo "2666"]
[Result "1/2-1/2"]
[Round "11"]
[TimeControl "180+1"]
[Date "2022.08.02"]
[WhiteClock "0:00:05"]
[BlackClock "0:00:07"]

1. d4 Nf6 2. c4 e6 3. Nc3 Bb4 4. e3 O-O 5. Bd3 d5 6. Nf3 dxc4 7. Bxc4 c5 8. a3 Bxc3+ 9. bxc3 Qc7 10. Be2 b6 11. O-O Bb7 12. Bb2 Nc6 13. h3 Rfd8 14. Rc1 Rac8 15. Qa4 Na5 16. Nd2 e5 17. Rfd1 Bc6 18. Qc2 Qd7 19. dxe5 Ba4 20. Qb1 Bxd1 21. Rxd1 Nd5 22. Bg4 Qe7 23. Bxc8 Rxc8 24. c4 Nc7 25. Ne4 Rd8 26. Rxd8+ Qxd8 27. Nd6 Ne8 28. Qd3 Nb7 29. Qd5 Nbxd6 30. exd6 Qxd6 31. Qa8 Qd7 32. Be5 Qa4 33. Bb8 Qxa3 34. Bxa7 Kf8 35. Qb8 Qc1+ 36. Kh2 Qxc4 37. Qxb6 Qd5 38. Qxc5+ Qxc5 39. Bxc5+ Kg8 40. Kg3 f6 41. e4 Kf7 42. f4 g6 43. f5 Ng7 44. Kf4 Nh5+ 45. Kf3 Ng7 46. g4 h5 47. Bd6 hxg4+ 48. hxg4 Ne8 49. Bf4 Ng7 50. Ke3 gxf5 51. exf5 Ne8 52. Kd4 Ke7 53. Kc5 Kd7 54. Kd5 Ng7 55. Bg3 Ne8 56. Kc5 Ng7 57. Kd5 Ne8 58. Kd4 Ng7 59. Bh4 Ne8 60. Kc5 Nd6 61. Kd5 Ne8 62. Bg3 Ng7 63. Bb8 Ne8 64. Bf4 Ng7 65. Bh6 Ne8 66. Bf8 Nc7+ 67. Kc4 Ne8 68. Kc5 Nc7 69. Bd6 Ne8 70. Bg3 Ng7 71. Bf2 Ne8 72. Bd4 Nd6 73. Kd5 Ne8 74. Bb6 Ng7 75. Bc5 Ne8 76. Ke4 Nc7 77. Kf4 Ne8 78. Kg3 Nc7 79. Kh4 Ke8 80. Kh5 Kf7 81. Kh4 Ke8 82. Bd4 Kf7 83. Kg3 Ke7 84. Kf4 Ne8 85. Ke4 Kd7 86. Kd5 Nc7+ 87. Kc5 Ne8 88. Bc3 Nd6 89. Kd5 Ne8 90. Ba5 Ng7 91. Bb4 Ne8 92. Ke4 Ng7 93. Bf8 Ne8 94. Kd5 Nc7+ 95. Kc5 Ne8 96. Kb6 Nc7 97. Kc5 Ne8 98. Bh6 Nc7 99. Bf4 Ne8 100. Kb6 Ng7 101. Kb7 1/2-1/2


[Site "https://www.chess.com"]

[Event "Titled Tuesday Blitz August 02 Early 2022"]
[White "Hafiz, Arif Abdul"]
[Black "Cnejev, Vladimir-Alexandru"]
[WhiteFideId "7104227"]
[BlackFideId "1260898"]
[WhiteElo "2198"]
[BlackElo "1951"]
[Result "1-0"]
[Round "11"]
[TimeControl "180+1"]
[Date "2022.08.02"]
[WhiteClock "0:00:43"]
[BlackClock "0:00:02"]

1. e4 e5 2. Nc3 Bc5 3. Nf3 Nc6 4. Bc4 Nf6 5. O-O O-O 6. d3 h6 7. Be3 Bxe3 8. fxe3 d6 9. Qe1 Na5 10. Bb3 Nxb3 11. axb3 c6 12. h3 Re8 13. Ne2 d5 14. exd5 cxd5 15. Nh4 Qc7 16. Ng3 Re6 17. Qf2 a5 18. Nhf5 Raa6 19. Ra4 Rac6 20. c3 e4 21. dxe4 Nxe4 22. Nxe4 Rxe4 23. Rxe4 dxe4 24. Nd4 Rf6 25. Qh4 Rxf1+ 26. Kxf1 f5 27. Qh5 Qd7 28. Qg6 Kf8 29. Qb6 Qd5 30. c4 Qd7 31. Qxa5 Kf7 32. Qe5 b6 33. Kf2 g6 34. b4 Qa7 35. Nb5 Qd7 36. Nd6+ Kg8 37. c5 bxc5 38. bxc5 Bb7 39. Qf6 Kh7 40. b4 Bc6 41. Kg3 h5 42. Kh4 Qg7 43. Qxg7+ Kxg7 44. Kg5 1-0


[Site "https://www.chess.com"]

[Event "Titled Tuesday Blitz August 02 Early 2022"]
[White "Harsha Bharathakoti"]
[Black "Abdrlauf, Elham"]
[WhiteFideId "5078776"]
[BlackFideId "1533533"]
[WhiteElo "2575"]
[BlackElo "2429"]
[Result "1-0"]
[Round "11"]
[TimeControl "180+1"]
[Date "2022.08.02"]
[WhiteClock "0:00:07"]
[BlackClock "0:00:08"]

1. Nf3 d5 2. b3 Nf6 3. Bb2 e6 4. c4 Be7 5. e3 Nbd7 6. Nc3 c6 7. d4 O-O 8. Bd3 b6 9. O-O Bb7 10. Qe2 Re8 11. Rfd1 Bb4 12. a3 Bxc3 13. Bxc3 Rc8 14. Ne5 Ne4 15. Bxe4 dxe4 16. Qg4 f5 17. Qg3 Nf6 18. Rd2 Qe7 19. a4 a5 20. Qg5 h6 21. Qg6 Nh7 22. c5 Nf8 23. Qg3 bxc5 24. dxc5 Qxc5 25. Nc4 g5 26. h4 Nh7 27. Rd7 Re7 28. Rxe7 Qxe7 29. Qe5 Nf8 30. Qh8+ Kf7 31. Rd1 Rd8 32. Qg7+ Ke8 33. Qxe7+ Kxe7 34. Bf6+ Kxf6 35. Rxd8 Ng6 36. hxg5+ hxg5 37. Nxa5 Ba6 38. Nxc6 f4 39. b4 Bc4 40. b5 Bd5 41. Rxd5 exd5 42. b6 fxe3 43. fxe3 d4 44. exd4 Nf4 45. b7 e3 46. b8=Q e2 47. Qe5+ Kg6 48. g3 e1=Q+ 49. Qxe1 1-0


[Site "https://www.chess.com"]

[Event "Titled Tuesday Blitz August 02 Early 2022"]
[White "Ianov, Viktor"]
[Black "Harsh Suresh"]
[WhiteFideId "14102730"]
[BlackFideId "45018464"]
[WhiteElo "2152"]
[BlackElo "2059"]
[Result "1-0"]
[Round "11"]
[TimeControl "180+1"]
[Date "2022.08.02"]
[WhiteClock "0:01:00"]
[BlackClock "0:00:04"]

1. Nf3 Nf6 2. g3 b5 3. Bg2 Bb7 4. Na3 a6 5. c4 b4 6. Nc2 a5 7. b3 e6 8. a3 Na6 9. axb4 axb4 10. Bb2 Be7 11. O-O O-O 12. d4 c5 13. d5 exd5 14. Nh4 Nc7 15. Ne3 Rxa1 16. Bxa1 d4 17. Bxb7 dxe3 18. fxe3 Ng4 19. Nf5 Bf6 20. h3 Bxa1 21. Qxa1 Nf6 22. g4 Ne6 23. Bd5 Qc7 24. Kg2 Qd8 25. Qe5 Re8 26. Qd6 Ng5 27. Qxc5 Nge4 28. Qxb4 Qc7 29. Rf4 Nxd5 30. cxd5 Nf6 31. d6 Qc6+ 32. Kf2 Qh1 33. Ne7+ Kf8 34. g5 Nh5 35. Rf3 Qh2+ 36. Ke1 Ng3 37. Qc4 Qg1+ 38. Kd2 Nf1+ 39. Kd3 f6 40. gxf6 g6 41. Qg8# 1-0


[Site "https://www.chess.com"]

[Event "Titled Tuesday Blitz August 02 Early 2022"]
[White "Izoria, Zviad"]
[Black "Sevian, Samuel"]
[WhiteFideId "13601733"]
[BlackFideId "2040506"]
[WhiteElo "2626"]
[BlackElo "2692"]
[Result "1-0"]
[Round "11"]
[TimeControl "180+1"]
[Date "2022.08.02"]
[WhiteClock "0:00:06"]
[BlackClock "0:00:03"]

1. Nf3 d5 2. e3 Nf6 3. c4 e6 4. Nc3 c6 5. b3 Bd6 6. Bb2 O-O 7. d4 Nbd7 8. Bd3 e5 9. dxe5 Nxe5 10. cxd5 cxd5 11. h3 a6 12. O-O Ng6 13. Rc1 Re8 14. Bb1 Be6 15. Ne2 Ne4 16. Qd4 Bf8 17. Rfd1 Qa5 18. Nc3 Bc5 19. Qa4 Qxa4 20. Nxa4 Be7 21. Nd4 Nf6 22. Nf5 Rad8 23. Nxe7+ Nxe7 24. Rc7 Rd7 25. Rdc1 Nc6 26. Rxd7 Nxd7 27. f4 f6 28. Kf2 Rc8 29. g4 h6 30. Nc3 Rd8 31. Ne2 Ndb8 32. a3 a5 33. Bd3 Bf7 34. Bb5 Be8 35. Bd3 Bf7 36. Nd4 Nxd4 37. Bxd4 Nc6 38. Bb6 Ra8 39. Bb5 Be8 40. Rc5 Kf7 41. Bxc6 Bxc6 42. Rxa5 Rc8 43. Bd4 h5 44. Kg3 hxg4 45. hxg4 Rh8 46. f5 Rh1 47. b4 Rg1+ 48. Kf3 Rf1+ 49. Kg2 Rb1 50. Ra8 g6 51. Rh8 gxf5 52. gxf5 Kg7 53. Rd8 Rb3 54. Rd6 Rxa3 55. Rxf6 Kg8 56. Rg6+ Kf8 57. Rg7 Rb3 58. f6 b6 59. Bxb6 d4+ 60. Kh2 Rb2+ 61. Kh3 Ke8 62. f7+ Kf8 63. Bc5+ Kxg7 64. f8=Q+ Kg6 65. Qg8+ Kf5 66. Qf7+ Ke4 67. Qe6+ Kd3 68. Qxc6 dxe3 69. Bxe3 Re2 70. Qb5+ Kxe3 71. Qxe2+ Kxe2 72. b5 1-0


[Site "https://www.chess.com"]

[Event "Titled Tuesday Blitz August 02 Early 2022"]
[White "Jakubowski, Krzysztof"]
[Black "Demchenko, Anton"]
[WhiteFideId "1112848"]
[BlackFideId "4160258"]
[WhiteElo "2365"]
[BlackElo "2539"]
[Result "0-1"]
[Round "11"]
[TimeControl "180+1"]
[Date "2022.08.02"]
[WhiteClock "0:00:03"]
[BlackClock "0:00:13"]

1. e4 e5 2. Nf3 Nc6 3. Bc4 Nf6 4. d3 h6 5. O-O d6 6. a4 g6 7. Re1 Bg7 8. c3 O-O 9. a5 a6 10. b4 Be6 11. Qb3 Bxc4 12. Qxc4 d5 13. exd5 Nxd5 14. Ra2 Kh7 15. Rae2 f5 16. h4 Qd7 17. Nxe5 Nxe5 18. Rxe5 Bxe5 19. Rxe5 c6 20. d4 Rae8 21. f4 Nf6 22. Nd2 Ng4 23. Nf3 Nxe5 24. fxe5 Qd5 25. Qe2 f4 26. Qc2 Qe6 27. Kf2 Qg4 28. c4 Rd8 29. Bb2 Qf5 30. Qxf5 Rxf5 31. Ke2 g5 32. hxg5 hxg5 33. Nh2 Kg6 34. Kf3 Rff8 35. Ng4 Rh8 36. Ke4 Rh1 37. e6 Re1+ 38. Kf3 Rxe6 39. Ne5+ Kf5 40. g4+ fxg3 41. Ng4 g2 0-1


[Site "https://www.chess.com"]

[Event "Titled Tuesday Blitz August 02 Early 2022"]
[White "Janaszak, Dawid"]
[Black "Shipov, Sergei"]
[WhiteFideId "1119206"]
[BlackFideId "4113624"]
[WhiteElo "2199"]
[BlackElo "2761"]
[Result "0-1"]
[Round "11"]
[TimeControl "180+1"]
[Date "2022.08.02"]
[WhiteClock "0:00:02"]
[BlackClock "0:01:08"]

1. e4 e6 2. d4 d5 3. Bd3 dxe4 4. Bxe4 Nf6 5. Bf3 c5 6. Ne2 Nc6 7. Be3 cxd4 8. Nxd4 Ne5 9. Nc3 a6 10. Qe2 Nxf3+ 11. gxf3 Nd5 12. O-O-O Nxc3 13. bxc3 Qa5 14. Qc4 Bd7 15. Nb3 Qa4 16. Qd4 Qxd4 17. cxd4 Bc6 18. Rhg1 Bxf3 19. Rde1 Rc8 20. Kb2 g6 21. Nc5 Bg7 22. c3 O-O 23. Bf4 Rfd8 24. Rg3 Bd5 25. Nd3 f6 26. Rge3 Kf7 27. Bg3 Rc6 28. Nb4 Rdc8 29. Nxc6 Rxc6 30. Rb1 Bh6 31. f4 Bf8 32. Ka1 b5 33. Be1 Rc4 34. Rb2 Bd6 35. Bg3 Ba3 36. Rb3 Be7 37. Kb1 h5 38. h4 Ra4 39. Rb2 Bf8 40. Be1 Bd6 41. Bg3 Ba3 42. Rbe2 Be7 43. Rb2 Bd8 44. Rbe2 Ba5 45. Rc2 Ra3 46. Kb2 Rxa2+ 47. Kc1 Ra1+ 48. Kd2 Rg1 49. Bf2 Rg2 50. Ke1 Rg4 51. Ra2 Bc7 52. Rxa6 Bxf4 53. Ra7+ Kg8 54. Rd3 g5 55. c4 Bxc4 56. Rda3 gxh4 57. Re7 Rg7 58. Ra8+ Kh7 59. Rxg7+ Kxg7 60. Bxh4 Kg6 61. Rf8 Bg5 62. Bg3 h4 63. Bh2 Kf5 64. Kf2 Ke4 65. Rd8 b4 66. Rb8 b3 67. Rb4 Bd5 68. Ke1 Kd3 69. Kd1 Kc3 70. Rb5 b2 71. Bg1 Bb3+ 0-1


[Site "https://www.chess.com"]

[Event "Titled Tuesday Blitz August 02 Early 2022"]
[White "Kamsky, Gata"]
[Black "Harshavardhan G B"]
[WhiteFideId "2000024"]
[BlackFideId "25059009"]
[WhiteElo "2645"]
[BlackElo "1831"]
[Result "1-0"]
[Round "11"]
[TimeControl "180+1"]
[Date "2022.08.02"]
[WhiteClock "0:00:09"]
[BlackClock "0:00:14"]

1. f4 Nf6 2. Nf3 g6 3. g3 d5 4. Bg2 Bg7 5. O-O O-O 6. d3 c5 7. Qe1 Nc6 8. e4 dxe4 9. dxe4 e5 10. Nc3 exf4 11. Bxf4 Re8 12. Rd1 Qb6 13. e5 Bg4 14. Qf2 Bxf3 15. exf6 Bxg2 16. Kxg2 Qxb2 17. Nd5 Bf8 18. Nc7 Nd4 19. Nxe8 Rxe8 20. Rfe1 Rxe1 21. Rxe1 Qxa2 22. Re8 Qd5+ 23. Kg1 Qc6 24. Qe3 Nf5 25. Qe4 Qxf6 26. g4 Nd6 27. Bxd6 Qxd6 28. c4 Kg7 29. Kg2 b6 30. Qe5+ Qxe5 31. Rxe5 Bd6 32. Rd5 Bf4 33. Rd7 Kf6 34. Rxa7 Bd2 35. Rd7 Ba5 36. Kf3 Ke6 37. Rd3 Ke5 38. Rd5+ Ke6 39. Ke4 h6 40. h3 f6 41. Rd3 Bb4 42. Rd8 Bc3 43. Re8+ Kf7 44. Rb8 Ba5 45. Kd5 f5 46. gxf5 gxf5 47. Ke5 Kg6 48. Rg8+ Kf7 49. Rg2 Bc3+ 50. Kxf5 Ke7 51. Rg6 Bb4 52. Rxb6 Bd2 53. Re6+ Kd7 54. Ke5 Bc3+ 55. Kd5 Bd4 56. Rxh6 Ke7 57. h4 Kf7 58. h5 Kg7 59. Rc6 Kh7 60. Rxc5 Bxc5 61. Kxc5 Kh6 62. Kd6 Kxh5 63. c5 Kg6 64. c6 Kf7 65. c7 Ke8 66. c8=R+ Kf7 67. Ke5 Kg6 68. Rf8 Kg7 69. Rf6 Kh7 70. Kf5 Kg7 71. Kg5 Kg8 72. Kg6 Kh8 73. Rf5 Kg8 74. Rf4 Kh8 75. Kf7 Kh7 76. Rf6 Kh8 77. Re6 Kh7 78. Rd6 Kh8 79. Kg6 Kg8 80. Rd8# 1-0


[Site "https://www.chess.com"]

[Event "Titled Tuesday Blitz August 02 Early 2022"]
[White "Korchmar, Vasiliy"]
[Black "Aaditya Dhingra"]
[WhiteFideId "24131750"]
[BlackFideId "25678191"]
[WhiteElo "2370"]
[BlackElo "1849"]
[Result "1-0"]
[Round "11"]
[TimeControl "180+1"]
[Date "2022.08.02"]
[WhiteClock "0:00:15"]
[BlackClock "0:01:09"]

1. e4 c5 2. Nf3 d6 3. d4 cxd4 4. Nxd4 Nf6 5. Nc3 Nc6 6. Bb5 Bd7 7. Bg5 e6 8. Qd3 a6 9. Bxc6 bxc6 10. O-O-O h6 11. Bh4 c5 12. Nb3 Qc7 13. e5 c4 14. Qf3 Bc6 15. Qe2 cxb3 16. exf6 bxa2 17. Nxa2 g5 18. Bg3 Qa5 19. Kb1 d5 20. Rhe1 O-O-O 21. Nc1 Bb5 22. Qh5 Rd7 23. Nb3 Qb6 24. Re3 Rb7 25. Rc3+ Bc4 26. Rd4 Bb4 27. Rcxc4+ dxc4 28. Rxc4+ Kd8 29. Nd4 Bd6 30. Nc6+ Kd7 31. Qxf7+ Kc8 32. Qxe6+ Kc7 33. Bxd6# 1-0


[Site "https://www.chess.com"]

[Event "Titled Tuesday Blitz August 02 Early 2022"]
[White "Le, Tuan Minh"]
[Black "Livaic, Leon"]
[WhiteFideId "12401153"]
[BlackFideId "14531534"]
[WhiteElo "2530"]
[BlackElo "2540"]
[Result "0-1"]
[Round "11"]
[TimeControl "180+1"]
[Date "2022.08.02"]
[WhiteClock "0:00:08"]
[BlackClock "0:00:40"]

1. d4 Nf6 2. Nf3 b6 3. Bf4 Bb7 4. e3 g6 5. Bd3 Bg7 6. O-O O-O 7. h3 c5 8. c3 d6 9. Bh2 Nbd7 10. Nbd2 a6 11. a4 Ra7 12. Qe2 Qa8 13. e4 cxd4 14. cxd4 e5 15. dxe5 dxe5 16. Nxe5 Nxe5 17. Bxe5 Re8 18. f4 Nh5 19. Bxg7 Ng3 20. Qf2 Nxf1 21. Bc3 Nxd2 22. Qd4 f6 23. Qxf6 Bxe4 24. Re1 Qc6 25. Qh8+ Kf7 26. Qxh7+ Ke6 27. Qxa7 Qc5+ 28. Kh1 Qf2 29. Rxe4+ Nxe4 30. Qb7 Nxc3 31. Qc6+ Ke7 32. Qc7+ Kf8 33. Qxc3 Re1+ 34. Kh2 Qxf4+ 0-1


[Site "https://www.chess.com"]

[Event "Titled Tuesday Blitz August 02 Early 2022"]
[White "Makarian, Rudik"]
[Black "Saydaliev, Saidakbar"]
[WhiteFideId "44105681"]
[BlackFideId "14203693"]
[WhiteElo "2403"]
[BlackElo "2265"]
[Result "1/2-1/2"]
[Round "11"]
[TimeControl "180+1"]
[Date "2022.08.02"]
[WhiteClock "0:00:13"]
[BlackClock "0:00:25"]

1. d3 d5 2. f4 Nf6 3. Nf3 g6 4. g3 Bg7 5. Bg2 O-O 6. O-O c5 7. Ne5 Nc6 8. Nxc6 bxc6 9. e4 e5 10. Nc3 c4 11. exd5 cxd5 12. fxe5 Ng4 13. dxc4 Qb6+ 14. Kh1 Nf2+ 15. Rxf2 Qxf2 16. Nxd5 Bg4 17. Be3 Qxg2+ 18. Kxg2 Bxd1 19. Rxd1 Bxe5 20. b3 Rfd8 21. Kf3 f5 22. Bg5 Re8 23. a4 Kg7 24. h4 h6 25. Bf4 Rad8 26. c5 a5 27. c6 Rc8 28. c7 g5 29. hxg5 hxg5 30. Bxe5+ Rxe5 31. c3 Kf7 32. c4 Ke6 33. Rh1 Rxd5 34. cxd5+ Kxd5 35. Rh7 Kd6 36. Rf7 Ke6 37. Rg7 Kf6 38. Rh7 Ke6 39. g4 fxg4+ 40. Kxg4 Kd6 41. Kxg5 Rxc7 42. Rh3 Rb7 43. Kf5 Kc6 44. Ke5 Rb4 45. Rc3+ Kb6 46. Kd5 Rh4 47. Re3 Rh5+ 48. Kc4 Rh4+ 49. Kc3 Rh6 50. Re4 Rh3+ 51. Kc4 Rh6 52. Kd5 Rh3 53. Re6+ Kb7 54. Kc4 Rh5 55. Rd6 Rh4+ 56. Rd4 Rh5 57. Rd5 Rh4+ 58. Kc3 Kb6 59. Rb5+ Ka6 60. Rd5 Rh6 61. Kc4 Rh4+ 62. Kc5 Rb4 63. Rd6+ Ka7 64. Rd3 Ka6 65. Rc3 Ka7 66. Kd5 Ka6 67. Kc6 Ka7 68. Kc7 Ka6 69. Kd6 Kb7 70. Ke5 Kb6 71. Kd5 Kb7 72. Kd6 Kb6 73. Rc6+ Kb7 74. Rc5 Kb6 75. Rc6+ Kb7 76. Rc7+ Kb6 77. Rc3 Kb7 78. Kc5 Ka6 79. Rf3 Ka7 80. Kc6 Ka6 81. Rf8 Rb6+ 82. Kc5 Rxb3 83. Ra8+ Kb7 84. Rxa5 Rh3 85. Rb5+ Ka6 86. Kb4 Rh4+ 87. Ka3 Rh3+ 88. Rb3 Rxb3+ 89. Kxb3 Ka5 90. Ka3 Ka6 91. Kb4 Ka7 92. a5 Ka8 93. Ka4 Kb8 94. Kb5 Ka8 95. Kc5 Kb8 96. Kd5 Ka8 97. Ke6 Ka7 98. Kf7 Ka6 99. Kg8 Kxa5 1/2-1/2


[Site "https://www.chess.com"]

[Event "Titled Tuesday Blitz August 02 Early 2022"]
[White "Maksimovic, Bojan"]
[Black "Srihari L R"]
[WhiteFideId "14408120"]
[BlackFideId "46617116"]
[WhiteElo "2453"]
[BlackElo "2170"]
[Result "0-1"]
[Round "11"]
[TimeControl "180+1"]
[Date "2022.08.02"]
[WhiteClock "0:00:07"]
[BlackClock "0:00:07"]

1. d4 Nf6 2. c4 e6 3. Nf3 d5 4. g3 dxc4 5. Bg2 a6 6. O-O Be7 7. Qc2 O-O 8. a4 Nc6 9. Qxc4 Qd5 10. Qxd5 exd5 11. Bf4 Bd8 12. Rc1 Re8 13. Nc3 Na5 14. Nd2 Be6 15. Bg5 h6 16. Bxf6 Bxf6 17. e3 Red8 18. b4 Nc6 19. Rab1 a5 20. b5 Nb4 21. Nb3 b6 22. Ra1 Rac8 23. Na2 c5 24. bxc6 Nxc6 25. h4 h5 26. Nd2 Be7 27. Rab1 Nb4 28. Nxb4 Bxb4 29. Nf3 Bf5 30. Ra1 Bc3 31. Ra2 Bb4 32. Raa1 f6 33. Bf1 Kf7 34. Bb5 Be4 35. Nh2 Bd2 36. Rxc8 Rxc8 37. Nf1 Bb4 38. Rd1 Rc2 39. Nh2 Ra2 40. Rc1 Bc2 41. Nf1 Bxa4 42. Rc7+ Kg6 43. Bxa4 Rxa4 44. Nh2 Ra2 45. g4 Be1 46. gxh5+ Kxh5 47. Rxg7 Bxf2+ 48. Kg2 Bxe3+ 49. Kh3 Bxd4 50. Nf3 Be5 51. Rh7+ Kg6 52. Rb7 Rb2 53. Kg4 Rb4+ 54. Kh3 Rb3 55. Kg2 Bf4 56. Rd7 Rb2+ 57. Kh3 Rb3 58. Kg2 Rd3 59. Rb7 Be3 60. Ne1 Rd2+ 61. Kf3 Bc5 62. Ng2 Rf2+ 63. Kg3 Rb2 64. Nf4+ Kf5 65. Nxd5 a4 66. Ra7 a3 67. Ne7+ Bxe7 68. Rxe7 a2 69. Ra7 b5 70. Ra5 Kg6 71. Kg4 b4 72. h5+ Kh6 73. Ra6 Rf2 74. Kh4 b3 75. Kg4 b2 76. Rxa2 Rg2+ 77. Kh3 b1=Q 78. Rxg2 Kxh5 79. Rf2 Qg6 80. Rf4 Qg5 81. Rf2 f5 82. Kh2 Qh4+ 83. Kg1 Qg4+ 84. Kf1 Qe4 85. Re2 Qg4 86. Rh2+ Kg5 87. Rg2 Qxg2+ 88. Kxg2 Kg4 89. Kf2 Kf4 90. Ke1 Ke3 91. Kf1 Kf3 92. Ke1 Kg2 93. Ke2 f4 0-1


[Site "https://www.chess.com"]

[Event "Titled Tuesday Blitz August 02 Early 2022"]
[White "Melaugh, Shane"]
[Black "Zou, Chen"]
[WhiteFideId "2509580"]
[BlackFideId "8610959"]
[WhiteElo "1938"]
[BlackElo "2276"]
[Result "0-1"]
[Round "11"]
[TimeControl "180+1"]
[Date "2022.08.02"]
[WhiteClock "0:01:03"]
[BlackClock "0:01:17"]

1. c4 Nf6 2. Nc3 e5 3. Nf3 Nc6 4. e4 Bc5 5. Nxe5 Nxe5 6. d4 Bb4 7. dxe5 Nxe4 8. Qf3 Nxc3 9. bxc3 Ba5 10. Be2 O-O 11. O-O d6 12. Rd1 Re8 13. Bf4 Qe7 14. Rd5 Bb6 15. Bd3 Be6 16. exd6 Bxd5 17. Qxd5 cxd6 18. Bxd6 Qf6 19. c5 Rad8 20. Rd1 Bxc5 21. Qxc5 Qxd6 22. Qf5 Qxd3 23. Qxd3 Rxd3 24. Rxd3 Re1# 0-1


[Site "https://www.chess.com"]

[Event "Titled Tuesday Blitz August 02 Early 2022"]
[White "Melikyan, Gnel"]
[Black "Leve, Nitai"]
[WhiteFideId "54109990"]
[BlackFideId "2006898"]
[WhiteElo "1772"]
[BlackElo "2144"]
[Result "1-0"]
[Round "11"]
[TimeControl "180+1"]
[Date "2022.08.02"]
[WhiteClock "0:00:13"]
[BlackClock "0:00:02"]

1. e4 e6 2. d4 d5 3. exd5 exd5 4. Bd3 Bd6 5. Nf3 Bg4 6. O-O Nc6 7. c3 Qd7 8. Re1+ Nge7 9. Bg5 f6 10. Bh4 O-O-O 11. Bg3 Rde8 12. Bxd6 Qxd6 13. Nbd2 Ng6 14. Qc2 Nf4 15. Bf5+ Bxf5 16. Qxf5+ Kb8 17. g3 Ng6 18. h4 Nge7 19. Qd3 h6 20. h5 Rhg8 21. Nh4 Nc8 22. Qg6 Qd7 23. Qf5 Qf7 24. Qg6 Qd7 25. Nf5 N6e7 26. Nxe7 Rxe7 27. Rxe7 Qxe7 28. Kf1 Re8 29. Qd3 Nd6 30. Qf3 Qe6 31. Kg2 Qe2 32. Rd1 Nc4 33. Nxc4 dxc4 34. d5 Qxb2 35. d6 cxd6 36. Rxd6 Qxa2 37. Rd7 Qb3 38. Rxg7 a5 39. Qf4+ Ka8 40. Qxf6 a4 41. Qf7 Rc8 42. Qd7 Rc6 43. Qd8+ Ka7 44. Qa5+ Ra6 45. Qc5+ Qb6 46. Qf8 a3 47. Rg8 Qc6+ 48. Kh2 a2 49. Qb8+ Kb6 50. Qd8+ Kb5 51. Qe7 Qc5 52. Qe8+ Ka5 53. Qe1 Kb6 54. Rg6+ Ka7 55. Qa1 Qa3 56. Rxh6 Rxh6 57. Qxa2 Rb6 58. Qxa3+ Ra6 59. Qc5+ 1-0


[Site "https://www.chess.com"]

[Event "Titled Tuesday Blitz August 02 Early 2022"]
[White "Munkhgal, Gombosuren"]
[Black "Barria Zuniga, Daniel"]
[WhiteFideId "4901266"]
[BlackFideId "3400816"]
[WhiteElo "2576"]
[BlackElo "2414"]
[Result "0-1"]
[Round "11"]
[TimeControl "180+1"]
[Date "2022.08.02"]
[WhiteClock "0:00:08"]
[BlackClock "0:00:05"]

1. d4 Nf6 2. Nf3 e6 3. g3 b6 4. Bg2 Bb7 5. O-O Be7 6. c4 O-O 7. b3 d5 8. Ne5 Qc8 9. Nc3 dxc4 10. Nxc4 Bxg2 11. Kxg2 Rd8 12. e3 c5 13. Ne2 Qb7+ 14. Kg1 Nc6 15. Bb2 b5 16. Nd2 Nb4 17. Qb1 Rac8 18. a3 Nbd5 19. Ne4 c4 20. bxc4 Rxc4 21. Nxf6+ Nxf6 22. Rc1 Rdc8 23. Rxc4 Rxc4 24. Qd3 Qe4 25. Qxe4 Nxe4 26. Rc1 Rxc1+ 27. Bxc1 Nd6 28. Nc3 a6 29. Kf1 Nc4 30. Nb1 e5 31. dxe5 Nxe5 32. Ke2 f6 33. Kd1 h5 34. Kc2 Ng4 35. f3 Nxh2 36. Nd2 Bc5 37. Kd3 Bd6 38. Ne4 Bc7 39. Nc5 Bxg3 40. Ne6 Nxf3 41. Ke4 Ng5+ 42. Kf5 Nxe6 43. Kxe6 h4 44. e4 h3 45. Bf4 Bxf4 46. e5 Bxe5 47. a4 bxa4 48. Kf5 Kf7 49. Kg4 Bd6 50. Kxh3 Bf8 51. Kg4 a3 52. Kf5 a2 53. Ke4 Ke6 54. Kd4 a1=Q+ 55. Kc4 Qe5 56. Kb3 Ke7 0-1


[Site "https://www.chess.com"]